Map: Misty Swamp

Players

Doomsday

  • Race: Zerg Zerg
  • League: Gold
  • Spawn Location: 9:00

Restaurador

  • Race: Terran Terran
  • Spawn Location: 12:00

Richkill

  • Race: Protoss Protoss
  • Spawn Location: 9:00

CarlosZ - Winner!

  • Race: Terran Terran
  • Spawn Location: 3:00

Metasapien - Winner!

  • Race: Zerg Zerg
  • Spawn Location: 3:00

YouMadBro - Winner!

  • Race: Protoss Protoss
  • Spawn Location: 12:00

VOD

Have the link to the VOD?

Description

Time

  • Played on: Aug. 20, 2017, 12:59 p.m.
  • Length: 25:45
Show
View Real Time Build Order
Export as new Build Order

Doomsday Zerg 

Build Orders: Hatch First 

Get SALT Encoding   

  12  0:07  Drone  
  13  0:13  Drone  
  14  0:50  Overlord  
  14  0:54  Hatchery  
  13  1:01  Spawning Pool  
  12  1:17  Drone x3  
  15  1:31  Extractor  
  14  1:34  Extractor, Drone  
  14  1:40  Drone  
  15  1:49  Drone  
  15  1:51  Queen  
  18  2:06  Queen, Drone  
  21  2:09  Drone  
  22  2:25  Drone  
  22  2:26  Pneumatized Carapace  
  22  2:29  Drone  
  24  2:35  Drone  
  25  2:38  Drone  
  26  2:57  Drone x2  
  28  3:05  Overlord x2  
  28  3:08  Overlord  
  28  3:19  Evolution Chamber  
  27  3:35  Lair  
  27  4:18  Drone x3  
  27  4:19  Drone x3  
  33  4:33  Drone  
  33  4:37  Extractor  
  35  4:40  Extractor  
  35  4:44  Drone  
  35  4:45  Drone x2  
  35  5:07  Infestation Pit, Zerg Ground Armor Level 1  
  35  5:09  Drone  
  35  5:17  Drone x2  
  35  5:18  Drone  
  38  5:39  Drone x2  
  40  5:46  Hive  
  40  5:49  Overlord x3  
  40  5:50  Overlord x4  
  40  6:01  Evolution Chamber  
  39  6:25  Drone  
  40  6:27  Drone x3  
  40  6:28  Drone x4  
  47  6:35  Zerg Melee Weapons Level 1  
  47  6:38  Drone  
  49  6:54  Zergling x10  
  49  6:55  Zergling x12  
  49  6:57  Metabolic Boost  
  59  7:03  Ultralisk Cavern  
  45  7:50  Ultralisk x2  
  45  7:51  Ultralisk x3  
  75  7:54  Chitinous Plating  
  75  8:00  Drone x2  
  77  8:09  Spore Crawler  
  76  8:16  Adrenal Glands  
  76  8:26  Zergling x10  
  76  8:27  Zergling x2  
  82  8:32  Overlord x3  
  82  8:49  Zerg Ground Armor Level 2  
  82  8:50  Zerg Melee Weapons Level 2  
  82  8:54  Zergling x6  
  82  8:55  Zergling x4  
  87  9:18  Ultralisk x2  
  99  9:27  Spore Crawler x2  
  99  9:30  Spore Crawler  
  99  9:31  Spore Crawler  
  86  9:33  Spore Crawler  
  79  9:47  Ultralisk  
  79  9:48  Ultralisk  
  91  10:06  Queen  
  93  10:08  Ultralisk  
  93  10:09  Zergling x4  
  101  10:25  Ultralisk  
  101  10:28  Overseer  
  107  10:45  Hatchery, Zergling x4  
  107  10:46  Ultralisk, Zergling x2  
  107  10:47  Zergling x6  
  118  10:52  Overlord x3  
  118  11:12  Ultralisk  
  118  11:13  Zergling x4  
  126  11:38  Zerg Ground Armor Level 3  
  126  11:39  Zerg Melee Weapons Level 3  
  126  11:41  Zergling x6  
  129  12:09  Ultralisk x2  
  42  14:03  Hydralisk Den  
  42  14:08  Ultralisk  
  42  14:09  Ultralisk x4  
  71  14:14  Ultralisk, Zergling x2  
  71  14:15  Zergling x14  
  71  14:16  Zergling x4  
  87  14:51  Spore Crawler  
  87  14:52  Spore Crawler x2  
  85  14:53  Spore Crawler  
  85  14:54  Spore Crawler  
  85  14:55  Spore Crawler  
  81  15:05  Spore Crawler  
  73  15:21  Ultralisk  
  73  15:22  Zergling x10  
Show
View Real Time Build Order
Export as new Build Order

Restaurador Terran 

Build Orders:  

Get SALT Encoding   

  12  0:10  Refinery  
  12  0:13  SCV  
  13  0:25  Supply Depot  
  13  0:26  SCV  
  14  0:38  SCV  
  15  0:49  Barracks  
  15  0:54  SCV  
  16  1:07  SCV  
  17  1:17  Barracks  
  17  1:19  SCV  
  18  1:27  Supply Depot  
  18  1:38  SCV  
  20  1:40  Reaper  
  20  1:51  Refinery  
  20  1:53  SCV  
  21  2:04  Barracks Reactor  
  21  2:07  Orbital Command  
  21  2:12  Reaper  
  22  2:18  Supply Depot  
  22  2:30  Factory  
  22  2:35  SCV  
  22  2:44  Reaper x2  
  22  2:47  SCV  
  22  2:48  Reaper  
  26  3:06  SCV  
  26  4:08  Marine x2  
  26  4:09  Widow Mine  
  29  4:30  Marine x2  
  29  4:31  Marine  
  32  4:39  Command Center  
  32  4:44  Barracks  
  32  4:45  Barracks  
  32  4:46  Barracks  
  32  4:47  Supply Depot  
  32  4:48  Supply Depot  
  32  4:55  SCV  
  32  4:58  Factory Tech Lab  
  33  5:12  Command Center  
  33  5:17  SCV, Engineering Bay  
  33  5:20  Siege Tank  
  37  5:25  Barracks Tech Lab  
  37  5:34  Barracks Reactor x2  
  37  5:35  Barracks Reactor  
  37  5:51  Starport  
  37  5:52  Starport  
  37  5:56  Marine x2, Marauder  
  41  6:11  Widow Mine  
  41  6:14  Marine  
  45  6:21  Marine x3  
  45  6:22  Marine x4  
  51  6:27  Combat Shields  
  51  6:33  Terran Infantry Weapons Level 1  
  51  6:35  Starport Reactor  
  51  6:38  Starport Reactor  
  51  6:49  Marine x4  
  55  6:57  Marine x4  
  59  7:06  SCV  
  60  7:09  SCV  
  61  7:21  SCV  
  62  7:31  Medivac  
  62  7:32  Medivac  
  62  7:34  Marine x4  
  67  8:05  SCV  
  68  8:06  Planetary Fortress  
  68  8:08  SCV  
  70  8:12  Medivac x2  
  69  8:13  Medivac x2  
  69  8:15  Marine x2  
  69  8:16  Marine x3  
  82  8:27  Stimpack  
  82  8:28  Terran Infantry Armor Level 1  
  82  8:29  SCV  
  82  8:32  Orbital Command  
  83  8:46  Marine x3  
  83  8:48  Hellion  
  88  8:49  Medivac  
  90  9:02  Missile Turret  
  89  9:05  Missile Turret  
  89  9:18  Orbital Command  
  89  9:38  Missile Turret  
  89  9:39  Missile Turret  
  89  9:40  Missile Turret  
  89  9:41  Missile Turret  
  89  9:43  Missile Turret  
  89  10:06  Viking, SCV, Widow Mine  
  94  10:23  Missile Turret  
  94  10:26  Missile Turret x2  
  94  10:33  Refinery  
  94  10:35  Supply Depot x2  
  94  10:36  Supply Depot, Refinery  
  94  10:38  Supply Depot  
  94  10:39  Supply Depot, Hi-Sec Auto Tracking  
  94  10:56  Viking, SCV x2  
  98  11:00  Command Center  
  98  11:02  Marine  
  98  11:03  Marine x4  
  103  11:06  Widow Mine  
  103  11:08  SCV  
  106  11:20  SCV  
  106  11:21  Missile Turret  
  106  11:23  Missile Turret  
  107  11:27  Missile Turret  
  107  11:35  Widow Mine  
  109  12:01  Marine x7  
  111  12:02  Marine  
  111  12:03  Widow Mine  
  119  12:18  Orbital Command, Refinery  
  119  12:23  Refinery  
  119  12:26  Marine x4  
  119  12:27  Marine x5  
  128  12:32  Widow Mine  
  130  12:44  Marine x5  
  135  13:03  Marine x4  
  135  13:04  Marine x4  
  143  13:06  Medivac x3  
  149  13:29  Medivac  
  106  14:35  Missile Turret  
  106  14:36  Missile Turret  
  106  14:37  Missile Turret  
  88  14:39  Missile Turret  
  88  14:40  Missile Turret  
  88  14:41  Missile Turret  
  88  14:42  Missile Turret x2  
  88  14:45  Missile Turret  
  54  14:58  Missile Turret x2  
  42  15:07  Engineering Bay  
  42  15:59  Missile Turret  
  42  16:01  Missile Turret  
  42  16:04  Missile Turret  
  42  16:06  Missile Turret  
  42  16:07  Missile Turret  
  42  16:34  Barracks  
  42  16:35  Barracks  
  42  16:37  Barracks  
  42  16:39  Barracks  
  42  16:40  Barracks  
  42  17:03  Building Armor  
  42  17:38  Marine x4  
  42  17:39  Marine  
  47  17:45  Factory x2  
  47  17:51  Factory  
  47  17:54  Missile Turret  
  47  17:55  Missile Turret  
  47  17:56  Marine x5, Missile Turret x2  
  47  17:57  Missile Turret  
  47  17:58  Missile Turret  
  52  18:01  Missile Turret  
  52  18:14  Marine x2  
  52  18:17  Missile Turret  
  52  18:18  Missile Turret  
  54  18:52  Missile Turret  
  54  18:55  Missile Turret  
  54  18:56  Missile Turret  
  43  19:12  Marine  
  43  19:13  Marine x4  
  43  19:15  Widow Mine x3  
  54  19:30  Marine  
  54  19:31  Marine x4  
  57  19:33  Missile Turret  
  57  19:35  Missile Turret  
  57  19:37  Missile Turret  
  59  19:39  Missile Turret  
  59  19:41  Missile Turret x2  
  59  19:43  Widow Mine  
  59  19:44  Widow Mine x2  
  65  19:48  Marine x3, Neosteel Frame  
  65  19:49  Marine x2, Missile Turret  
  70  19:57  Missile Turret  
  70  19:59  Missile Turret  
  70  20:03  Missile Turret  
  70  20:06  Marine x4  
  70  20:07  Marine  
  74  20:12  Widow Mine x3  
  81  20:24  Marine x5  
  86  20:41  Widow Mine x3  
  86  20:42  Marine x5  
  97  20:59  Marine  
  97  21:00  Marine  
  97  21:04  Marine x3  
  99  21:11  Widow Mine x3  
  102  21:17  Marine x2  
  110  21:25  Supply Depot  
  110  21:26  Supply Depot  
  110  21:27  Supply Depot x2  
  110  21:46  Marine x3, Widow Mine x2  
  117  21:47  Widow Mine  
  119  22:16  Widow Mine  
  113  23:23  Widow Mine x3  
  94  23:51  Widow Mine  
  94  23:52  Widow Mine x2  
  94  23:55  Marine x4  
  53  24:20  Widow Mine x2  
Show
View Real Time Build Order
Export as new Build Order

Richkill Protoss 

Build Orders:  

Get SALT Encoding   

  12  0:03  Probe (Chrono Boost)  
  13  0:13  Probe (Chrono Boost)  
  14  0:24  Probe (Chrono Boost)  
  15  0:34  Pylon  
  15  0:40  Assimilator  
  15  0:45  Assimilator  
  15  0:52  Probe (Chrono Boost)  
  16  1:03  Probe (Chrono Boost)  
  17  1:13  Probe (Chrono Boost)  
  18  1:24  Probe (Chrono Boost)  
  19  1:34  Probe (Chrono Boost)  
  20  1:45  Pylon, Probe (Chrono Boost)  
  21  1:49  Gateway  
  21  1:51  Forge  
  21  1:55  Probe (Chrono Boost)  
  22  2:06  Probe (Chrono Boost)  
  23  2:17  Probe (Chrono Boost)  
  24  2:28  Nexus  
  24  2:38  Cybernetics Core  
  24  2:42  Cybernetics Core  
  24  3:05  Assimilator  
  24  3:10  Assimilator  
  24  3:14  Pylon  
  24  3:19  Probe (Chrono Boost)  
  25  3:25  Protoss Air Weapons Level 1  
  25  3:29  Probe (Chrono Boost)  
  25  3:33  Stargate  
  26  3:40  Probe (Chrono Boost)  
  27  3:41  Protoss Shields Level 1  
  27  3:50  Probe (Chrono Boost)  
  27  3:52  Probe (Chrono Boost)  
  29  4:01  Probe (Chrono Boost)  
  31  4:02  Probe (Chrono Boost)  
  31  4:12  Probe (Chrono Boost)  
  31  4:13  Probe (Chrono Boost)  
  33  4:19  Pylon  
  33  4:21  Pylon  
  33  4:22  Probe (Chrono Boost)  
  33  4:23  Probe (Chrono Boost)  
  35  4:33  Probe (Chrono Boost)  
  35  4:34  Probe (Chrono Boost)  
  37  4:40  Void Ray (Chrono Boost)  
  37  4:43  Probe (Chrono Boost)  
  42  4:49  Protoss Air Armor Level 1 (Chrono Boost)  
  42  4:56  Twilight Council  
  42  5:05  Fleet Beacon  
  42  5:10  Probe  
  43  5:14  Probe  
  44  5:22  Probe  
  44  5:25  Probe  
  44  5:27  Void Ray (Chrono Boost)  
  46  5:34  Probe  
  51  5:36  Protoss Shields Level 2  
  51  5:47  Probe  
  52  6:12  Pylon, Protoss Air Weapons Level 2 (Chrono Boost)  
  52  6:14  Pylon  
  52  6:17  Pylon  
  52  6:28  Stargate  
  52  6:37  Stargate  
  52  6:39  Probe  
  45  7:21  Void Ray  
  45  7:26  Void Ray  
  45  7:27  Void Ray  
  57  7:46  Stargate  
  57  7:58  Void Ray  
  61  8:09  Void Ray  
  65  8:29  Void Ray x2  
  73  8:35  Void Ray  
  77  9:23  Nexus  
  77  9:27  Photon Cannon  
  77  10:29  Void Ray  
  77  10:34  Void Ray x3  
  93  10:37  Pylon x2  
  93  10:39  Pylon  
  93  10:41  Pylon  
  93  10:42  Pylon  
  93  10:44  Pylon  
  93  10:45  Pylon  
  93  10:55  Nexus  
  93  10:58  Assimilator  
  93  11:02  Assimilator  
  93  11:17  Void Ray  
  93  11:23  Void Ray  
  101  12:55  Protoss Shields Level 3  
  97  13:14  Protoss Air Armor Level 2 (Chrono Boost)  
  97  13:17  Protoss Air Weapons Level 3 (Chrono Boost)  
  69  13:26  Void Ray  
  45  13:31  Void Ray x2  
  45  13:32  Void Ray  
  61  14:03  Void Ray  
  65  14:14  Void Ray  
  69  14:18  Void Ray x2  
  77  14:40  Void Ray  
  65  14:57  Void Ray  
  69  15:01  Void Ray x2  
Show
View Real Time Build Order
Export as new Build Order

CarlosZ Terran - Winner!

Build Orders: MMM Bio 

Get SALT Encoding   

  12  0:02  SCV  
  13  0:17  Supply Depot  
  14  0:21  SCV  
  14  0:33  SCV  
  15  0:44  Barracks  
  15  0:45  SCV  
  16  0:57  SCV  
  16  1:00  Supply Depot  
  17  1:09  SCV  
  18  1:23  Barracks  
  18  1:27  SCV  
  19  1:35  Supply Depot  
  19  1:39  SCV  
  20  1:51  SCV  
  20  1:53  Refinery  
  21  1:54  Refinery  
  21  2:03  SCV  
  23  2:15  SCV  
  23  2:29  Barracks Reactor  
  23  2:34  Barracks Tech Lab  
  23  2:38  Orbital Command  
  23  2:43  Supply Depot  
  23  2:44  Supply Depot  
  23  2:55  Marine  
  24  2:59  Stimpack  
  24  3:06  Marine x2  
  26  3:13  Marine  
  27  3:23  Marine  
  27  3:24  Marine  
  29  3:31  Marine  
  30  3:41  Marine  
  30  3:42  Marine  
  30  3:47  SCV  
  33  3:49  Marine  
  31  3:59  Marine  
  31  4:00  Marine  
  33  4:07  Marine  
  34  4:11  SCV  
  35  4:17  Marine x2  
  35  4:23  SCV  
  38  4:24  Marine  
  39  4:35  SCV  
  40  4:40  Factory  
  40  4:42  Marine  
  41  4:48  Marine, SCV  
  41  4:49  Marine  
  44  5:00  Marine, SCV  
  44  5:06  Marine x2  
  48  5:11  Supply Depot  
  48  5:12  SCV  
  49  5:18  Marine  
  50  5:24  Marine x2, SCV  
  53  5:32  Command Center  
  53  5:36  Marine  
  53  5:42  Marine x2  
  56  5:53  Marine  
  41  7:48  Orbital Command  
  41  7:54  Factory Tech Lab  
  39  7:59  Marine x3  
  39  8:01  Starport  
  42  8:09  Barracks  
  42  8:17  Marine x3, Cyclone  
  48  8:25  Supply Depot  
  48  8:27  Supply Depot x2  
  48  8:33  SCV  
  49  8:35  Marine x3  
  52  8:44  Combat Shields  
  52  8:45  SCV  
  53  8:49  Cyclone  
  53  8:52  Marine  
  53  8:53  Marine x2  
  53  8:54  Starport Tech Lab  
  59  8:57  SCV  
  59  9:00  Armory  
  60  9:09  SCV  
  61  9:10  Marine x3  
  64  9:18  Barracks Reactor  
  64  9:21  SCV  
  68  9:25  Widow Mine  
  68  9:28  Marine x3  
  70  9:46  Marine x3  
  70  9:51  Engineering Bay  
  73  9:54  Widow Mine  
  75  10:03  Marine x2, Concussive Shells  
  75  10:04  Marine x3  
  80  10:09  Medivac  
  80  10:13  Terran Vehicle Weapons Level 1  
  82  10:20  Marine  
  82  10:21  Marine  
  83  10:22  Marine x3, Missile Turret, Widow Mine  
  89  10:38  Marine, Missile Turret  
  89  10:39  Marine x4, Missile Turret, Medivac  
  89  10:40  Missile Turret x2  
  89  10:41  Missile Turret  
  96  10:44  Missile Turret  
  96  10:47  Missile Turret  
  96  10:51  Widow Mine  
  96  10:54  Supply Depot  
  96  10:56  Marine  
  96  10:57  Marine x3  
  99  11:00  Marine  
  103  11:05  Refinery  
  103  11:06  Refinery  
  103  11:09  Medivac  
  105  11:14  Marine x2  
  105  11:15  Marine x2  
  105  11:18  Marine  
  110  11:19  Widow Mine  
  110  11:20  Supply Depot  
  112  11:32  Marine x2  
  114  11:33  Marine x2  
  114  11:35  Marine  
  114  11:39  Medivac  
  119  11:48  Thor  
  119  11:51  Marine  
  126  12:07  Terran Vehicle And Ship Armor Level 1  
  126  12:09  Medivac  
  120  12:31  Thor  
  120  12:34  Marine  
  120  12:35  Marine x4  
  131  12:39  Medivac  
  133  12:52  Marine  
  134  12:59  Marine x2  
  134  13:04  Marine x2  
  133  13:10  Marine  
  99  13:17  Marine x2  
  87  13:21  Marine  
  87  13:22  Marine  
  82  13:28  Marine  
  65  13:35  Marine x2  
  65  13:39  Marine x2  
  58  13:57  Marine  
  59  14:58  Marine x3  
  59  14:59  Marine x2  
  51  15:16  Marine x3  
  54  15:22  Marine  
  29  16:16  Orbital Command  
  29  17:01  Thor  
  35  17:22  SCV  
  33  17:28  Marine  
  33  17:29  Marine  
  35  17:34  SCV  
  36  17:44  Thor  
  36  17:46  Marine, SCV  
  36  17:47  Marine  
  45  17:58  SCV  
  45  18:04  Marine x2  
  48  18:08  Refinery  
  48  18:10  SCV  
  49  18:19  Banshee  
  52  18:22  Marine x2, SCV  
  55  18:35  SCV  
  55  18:40  Marine x2  
  58  18:47  SCV  
  59  18:57  Marine  
  59  18:58  Marine  
  59  18:59  SCV  
  59  19:02  Banshee  
  65  19:11  SCV  
  65  19:15  Marine  
  65  19:16  Marine  
  68  19:18  Thor  
  68  19:23  SCV  
  75  19:33  Marine x2  
  75  19:35  SCV  
  78  19:44  Banshee  
  81  19:47  SCV  
  82  20:18  Marine  
  82  20:19  Marine  
  84  20:36  Marine x2  
  86  20:54  Marine x2  
  86  20:56  Command Center  
  88  21:11  Marine  
  88  21:12  Marine  
  90  21:29  Marine  
  90  21:30  Marine  
  92  22:03  Terran Vehicle Weapons Level 2  
  92  22:06  Terran Infantry Weapons Level 1  
  92  22:08  Thor  
  92  22:10  Marine x2  
  100  22:27  Planetary Fortress  
  100  22:28  Marine x2  
  102  22:45  Marine  
  102  22:46  Marine  
  104  23:03  Marine  
  99  23:40  SCV  
  100  23:52  SCV  
  101  24:00  Refinery  
  101  24:03  Refinery  
  101  24:04  SCV  
  102  24:16  SCV  
  103  24:28  SCV  
  104  24:40  SCV  
Show
View Real Time Build Order
Export as new Build Order

Metasapien Zerg - Winner!

Build Orders: Hatch First 

Get SALT Encoding   

  12  0:08  Drone  
  13  0:18  Overlord  
  13  0:20  Drone  
  14  0:53  Drone  
  14  0:54  Drone  
  16  0:58  Hatchery  
  16  0:59  Drone  
  16  1:13  Spawning Pool  
  16  1:17  Extractor  
  14  1:18  Drone  
  14  1:22  Drone  
  16  1:27  Drone  
  17  1:38  Drone  
  18  1:48  Drone  
  19  1:59  Overlord  
  19  2:02  Queen  
  21  2:10  Extractor  
  20  2:17  Queen  
  20  2:18  Drone  
  23  2:31  Drone  
  23  2:32  Drone  
  23  2:33  Drone x2  
  27  2:45  Metabolic Boost  
  27  2:48  Zergling x2  
  27  2:49  Zergling x2  
  27  2:50  Zergling x2  
  30  2:54  Drone  
  31  3:07  Spine Crawler  
  31  3:08  Drone  
  31  3:30  Drone x2  
  31  3:31  Drone x3  
  36  3:41  Overlord  
  36  3:42  Overlord  
  36  3:49  Extractor  
  36  3:51  Drone  
  36  3:52  Extractor  
  35  4:07  Drone x2  
  37  4:15  Drone  
  37  4:16  Drone x3  
  41  4:19  Lair  
  41  4:30  Spore Crawler  
  41  4:31  Drone  
  41  4:32  Zergling x4  
  41  4:33  Zergling x2  
  44  4:42  Drone x3  
  47  4:50  Evolution Chamber  
  46  4:55  Zergling x2  
  46  4:56  Zergling x4  
  49  5:01  Overlord  
  49  5:02  Overlord  
  49  5:11  Drone x2  
  51  5:16  Drone  
  52  5:44  Drone x3  
  52  5:47  Zergling x2  
  52  5:48  Overlord x2  
  52  5:49  Overlord  
  56  5:53  Zerg Missile Weapons Level 1  
  56  5:56  Hydralisk Den  
  55  5:58  Hatchery  
  55  6:00  Spire  
  55  6:03  Zergling x4  
  56  6:04  Zergling x2  
  56  6:05  Zergling x2  
  56  6:07  Overlord  
  56  6:08  Overlord  
  57  6:57  Hydralisk  
  57  6:58  Hydralisk x12  
  83  7:05  Muscular Augments  
  83  7:09  Evolution Chamber  
  83  7:15  Drone  
  83  7:16  Drone x2  
  83  7:22  Drone x3  
  88  7:23  Drone  
  88  7:24  Drone  
  88  7:29  Queen  
  78  8:03  Drone  
  78  8:04  Drone x2  
  81  8:19  Zerg Missile Weapons Level 2, Zerg Ground Armor Level 1  
  81  8:22  Zerg Flyer Weapons Level 1  
  81  8:26  Drone x2  
  81  8:27  Drone x2  
  84  8:29  Extractor, Drone x2  
  84  8:30  Extractor  
  85  8:35  Hydralisk x2, Corruptor x3  
  85  8:36  Hydralisk x2, Corruptor x2  
  85  8:40  Overseer x2  
  103  8:52  Nydus Network  
  102  9:06  Hydralisk x3  
  102  9:07  Hydralisk x3  
  114  9:10  Overlord x2  
  114  9:11  Overlord  
  114  9:34  Hydralisk x3  
  114  9:35  Hydralisk x6  
  114  9:36  Hydralisk  
  106  10:05  Hydralisk x5  
  106  10:06  Hydralisk x6  
  106  10:07  Hydralisk  
  130  10:17  Overlord  
  130  10:18  Overlord  
  130  10:24  Drone  
  131  10:37  Overlord  
  131  10:38  Overlord  
  131  10:49  Hatchery  
  130  10:57  Hatchery  
  130  11:00  Zerg Ground Armor Level 2  
  130  11:04  Infestation Pit  
  128  11:27  Hydralisk x12  
  128  11:28  Hydralisk x4  
  160  11:36  Lurker Den  
  160  11:42  Hive  
  160  11:45  Zerg Flyer Armor Level 1  
  160  11:51  Overlord  
  160  11:52  Overlord x3  
  160  11:57  Overlord  
  160  12:13  Drone  
  160  12:15  Queen  
  161  12:16  Queen  
  161  12:17  Queen  
  167  12:28  Corruptor x3  
  173  12:36  Nydus Canal  
  173  12:38  Extractor x2  
  163  12:50  Nydus Canal  
  118  13:47  Corruptor  
  118  13:48  Corruptor x10  
  119  13:49  Hydralisk  
  129  14:10  Hydralisk x4  
  137  14:24  Nydus Canal  
  137  14:38  Nydus Canal  
  135  15:05  Zerg Missile Weapons Level 3, Zerg Ground Armor Level 3  
  135  15:07  Hydralisk  
  135  15:08  Hydralisk x5  
  121  16:00  Hatchery  
  118  16:07  Lair  
  118  16:30  Drone x3  
  121  16:42  Hatchery  
  121  16:44  Overlord, Hydralisk x5  
  121  16:45  Hydralisk  
  128  17:13  Queen, Drone  
  127  18:26  Queen  
  129  18:31  Drone  
  129  18:32  Drone x3  
  129  18:33  Drone x5  
  129  18:34  Drone x3  
  139  18:40  Extractor  
  139  18:41  Extractor  
  139  18:56  Extractor  
  139  18:58  Corruptor x5  
  139  18:59  Corruptor x3  
  139  19:00  Hatchery  
  153  19:04  Hive  
  153  19:17  Hydralisk  
  153  19:18  Hydralisk x6  
  167  19:29  Zerg Flyer Weapons Level 2  
  167  19:34  Pneumatized Carapace  
  167  19:42  Nydus Canal  
  167  20:22  Extractor  
  167  20:23  Drone x2  
  167  20:28  Drone x4  
  172  20:30  Drone x5  
  172  20:32  Hydralisk  
  172  20:33  Hydralisk x5  
  189  20:40  Spire  
  188  21:03  Extractor  
  187  21:04  Extractor, Drone x2  
  187  21:05  Drone  
  187  21:06  Drone x2  
  187  21:07  Drone  
  187  21:08  Drone  
  193  21:13  Drone x2  
  195  21:20  Corruptor  
  195  21:21  Corruptor  
  199  21:55  Greater Spire  
  199  21:56  Zerg Flyer Weapons Level 3  
  199  22:22  Nydus Canal  
  199  22:52  Nydus Canal  
  195  23:19  Brood Lord x2  
  169  24:12  Brood Lord x3  
  169  24:13  Brood Lord x7  
  169  24:14  Brood Lord  
  169  24:15  Brood Lord  
  191  24:28  Brood Lord x3  
  197  24:49  Overlord x2  
  197  24:50  Overlord x4  
  197  25:01  Hatchery  
  196  25:22  Extractor  
  195  25:28  Extractor  
Show
View Real Time Build Order
Export as new Build Order

YouMadBro Protoss - Winner!

Build Orders:  

Get SALT Encoding   

  12  0:03  Probe (Chrono Boost)  
  13  0:13  Probe (Chrono Boost)  
  14  0:28  Pylon, Probe (Chrono Boost)  
  15  0:46  Pylon, Probe (Chrono Boost)  
  16  0:53  Assimilator  
  16  0:57  Probe (Chrono Boost)  
  16  1:03  Forge  
  17  1:08  Probe (Chrono Boost)  
  18  1:18  Probe (Chrono Boost)  
  19  1:23  Pylon  
  19  1:29  Probe (Chrono Boost)  
  20  1:42  Photon Cannon x2  
  20  1:51  Pylon  
  20  2:03  Photon Cannon  
  20  2:16  Photon Cannon  
  20  2:20  Photon Cannon  
  20  2:30  Photon Cannon  
  20  2:37  Assimilator  
  20  2:41  Probe (Chrono Boost)  
  21  2:55  Gateway  
  21  3:12  Probe (Chrono Boost)  
  22  3:23  Probe (Chrono Boost)  
  22  3:26  Photon Cannon  
  23  3:44  Pylon  
  23  4:05  Nexus  
  23  4:08  Photon Cannon  
  23  4:15  Assimilator  
  23  4:25  Cybernetics Core x2  
  23  4:31  Pylon  
  23  5:08  Photon Cannon  
  23  5:18  Stargate  
  23  5:19  Stargate  
  23  5:21  Stargate  
  23  5:24  Protoss Air Weapons Level 1  
  23  5:25  Stargate  
  23  5:34  Protoss Air Armor Level 1  
  23  5:38  Probe (Chrono Boost)  
  24  5:49  Probe (Chrono Boost)  
  25  5:59  Probe (Chrono Boost)  
  26  6:10  Probe x2 (Chrono Boost)  
  28  6:20  Probe (Chrono Boost)  
  28  6:21  Probe (Chrono Boost)  
  30  6:26  Void Ray  
  30  6:29  Void Ray  
  30  6:31  Probe (Chrono Boost)  
  30  6:32  Probe (Chrono Boost)  
  40  6:42  Probe (Chrono Boost)  
  41  6:51  Nexus  
  41  6:54  Pylon  
  41  6:58  Probe (Chrono Boost)  
  42  7:09  Probe (Chrono Boost)  
  42  7:13  Void Ray (Chrono Boost)  
  47  7:19  Probe (Chrono Boost)  
  47  7:20  Assimilator  
  48  7:27  Probe (Chrono Boost)  
  50  7:30  Void Ray (Chrono Boost), Probe (Chrono Boost)  
  54  7:37  Probe (Chrono Boost)  
  54  7:40  Probe (Chrono Boost)  
  56  7:47  Probe (Chrono Boost)  
  65  7:52  Void Ray (Chrono Boost)  
  65  7:53  Void Ray (Chrono Boost)  
  65  8:09  Probe  
  66  8:14  Probe  
  67  8:20  Probe  
  67  8:21  Void Ray x2 (Chrono Boost)  
  67  8:26  Probe  
  77  8:30  Probe  
  78  8:38  Probe  
  87  8:43  Void Ray x2 (Chrono Boost)  
  87  8:48  Probe  
  88  8:59  Probe  
  89  9:09  Probe  
  90  9:21  Void Ray (Chrono Boost)  
  98  9:27  Void Ray (Chrono Boost)  
  98  9:31  Assimilator  
  98  9:37  Assimilator  
  98  10:09  Mothership Core  
  100  10:21  Fleet Beacon  
  100  10:23  Pylon  
  100  10:24  Pylon  
  100  10:26  Pylon  
  100  10:27  Pylon  
  100  10:28  Pylon  
  100  10:29  Pylon  
  100  10:31  Pylon  
  100  10:32  Pylon  
  100  10:41  Void Ray (Chrono Boost)  
  108  10:47  Void Ray (Chrono Boost)  
  108  11:05  Carrier (Chrono Boost)  
  108  11:09  Carrier (Chrono Boost)  
  132  11:19  Carrier (Chrono Boost)  
  132  11:24  Protoss Air Weapons Level 2  
  132  11:26  Graviton Catapult (Chrono Boost)  
  132  11:30  Protoss Air Armor Level 2  
  132  11:45  Void Ray (Chrono Boost)  
  148  12:30  Carrier (Chrono Boost)  
  148  12:34  Carrier (Chrono Boost)  
  148  12:36  Carrier (Chrono Boost)  
  154  12:46  Carrier (Chrono Boost)  
  160  14:08  Pylon  
  160  14:09  Pylon  
  160  14:12  Pylon  
  160  14:14  Pylon  
  160  14:26  Carrier (Chrono Boost)  
  160  14:27  Carrier (Chrono Boost)  
  174  14:40  Carrier (Chrono Boost)  
  152  18:07  Pylon  
  152  18:09  Pylon  
  152  18:11  Pylon  
  152  18:26  Carrier x2 (Chrono Boost)  
  164  18:28  Carrier (Chrono Boost)  
  176  18:41  Carrier (Chrono Boost)  
  176  18:53  Nexus  
  168  19:00  Nexus x2  
  160  19:20  Pylon x2  
  160  19:22  Pylon  
  160  19:24  Pylon  
  160  19:27  Pylon  
  160  19:31  Protoss Air Weapons Level 3  
  160  19:32  Protoss Air Armor Level 3  
  160  19:44  Forge  
  160  19:47  Forge  
  160  19:48  Forge  
  160  20:23  Photon Cannon x2  
  160  20:26  Photon Cannon x2  
  160  20:29  Photon Cannon  
  160  20:30  Photon Cannon  
  160  20:32  Photon Cannon  
  160  20:33  Photon Cannon  
  160  21:02  Probe  
  161  21:13  Probe  
  162  21:20  Probe  
  162  21:23  Probe  
  168  21:32  Probe, Tempest x2 (Chrono Boost)  
  183  21:34  Probe  
  183  21:37  Tempest (Chrono Boost)  
  183  21:38  Tempest (Chrono Boost)  
  190  21:44  Probe  
  191  21:52  Assimilator  
  191  21:54  Assimilator, Probe  
  191  21:57  Protoss Shields Level 1  
  192  22:04  Probe  
  199  22:18  Tempest (Chrono Boost)  
Tags
 
Add a new tag
Caveats
  • Supply blocks, unpowered buildings, or Contaminate may cause inaccurate times.
  • Supply counts are checked every 10 seconds.